AoeStats
← dragonlee66

Arabia

510501390Analyzed
1v1 RM · 22h ago on Oct 1, 2026· 49m 44s· 2 players
Game mode
Random Map
Map size
Tiny (2 player)
Population
200
Speed
Normal
Resources
Standard
Victory
Conquest
Starting age
Dark Age
Ending age
Imperial Age
RankedLock teamsTeams togetherTeam positionsShared explorationLock speedFull tech treeHidden civsTurbo modeCheats
Victory
Defeat
🇨🇳 Britons · China
1023
+16
🇨🇭 Ethiopians · Switzerland
1030
-16
dragonlee66
7:57 Loom
9:42 Feudal Age
13:29 Horse Collar
15:35 Wheelbarrow
18:02 Castle Age
16:25 Double-Bit Axe
20:22 Crossbowman
22:37 Bow Saw
22:46 Padded Archer Armor
26:28 Gold Mining
31:10 Gold Shaft Mining
31:41 Pikeman
32:30 Squires
38:00 Husbandry
39:56 Forging
39:52 Scale Barding Armor
40:31 Stone Mining
41:27 Heavy Plow
41:46 Hand Cart
42:13 Chain Barding Armor
43:06 Fletching
43:53 Iron Casting
44:11 Town Watch
49:54 Imperial Age
RaephQ
7:51 Loom
10:12 Feudal Age
10:54 Town Watch
11:00 Double-Bit Axe
11:03 Horse Collar
17:09 Wheelbarrow
17:19 Fletching
18:24 Padded Archer Armor
23:10 Castle Age
22:18 Scale Mail Armor
22:27 Gold Mining
23:18 Forging
23:37 Scale Barding Armor
24:06 Bodkin Arrow
23:45 Elite Skirmisher
24:40 Squires
24:15 Crossbowman
25:55 Leather Archer Armor
27:13 Chain Mail Armor
31:00 Iron Casting
31:43 Thumb Ring
32:24 Stone Mining
43:27 Bow Saw
Connection lost

Rejoining the realm…

Still unreachable

The connection could not be restored.

Session expired

The server has moved on; the page needs a fresh start.